 Dungeon Crawl Stone Soup version 0.27.1 (webtiles) character file.

Game seed: 18377998636512193047

32 Renzlar the Shield-Bearer (level 3, -4/35 HPs)
             Began as a Gnoll Fighter on Aug 23, 2021.
             Slain by a goblin (19 damage)
             ... on level 2 of the Dungeon.
             The game lasted 00:02:32 (1112 turns).

Renzlar the Shield-Bearer (Gnoll Fighter)           Turns: 1112, Time: 00:02:32

Health: -4/35      AC:  9    Str: 16    XL:     3   Next: 25%
Magic:  4/4        EV:  8    Int:  7    God:
Gold:   30         SH: 10    Dex: 11    Spells: 3/3 levels left

rFire    . . .     SeeInvis .   a - +0 war axe
rCold    . . .     Faith    .   c - +0 kite shield
rNeg     . . .     Spirit   .   b - +0 scale mail
rPois    .         Reflect  .   g - +0 helmet
rElec    .         Harm     .   (no cloak)
rCorr    .         Rampage  .   (no gloves)
Will     .....                  (no boots)
Stlth    ..........             (no amulet)
HPRegen  0.11/turn              (no ring)
MPRegen  0.09/turn              (no ring)

@: no status effects
A: fangs 1, strong nose, distributed training
a: no special abilities


You were on level 2 of the Dungeon.
You visited 1 branch of the dungeon, and saw 2 of its levels.

You collected 30 gold pieces.

Inventory:

Hand Weapons
 a - a +0 war axe (weapon)
Missiles
 e - 22 stones (quivered)
 j - 13 poisoned darts
Armour
 b - a +0 scale mail (worn)
 c - a +0 kite shield (worn)
 g - a +0 helmet (worn)
Scrolls
 h - a scroll of teleportation {unknown}
Potions
 d - a potion of might
 f - a potion of haste {unknown}
 i - a potion of degeneration {unknown}
 k - a potion of curing {unknown}


   Skills:
 + Level 6.5 Fighting
 + Level 0.7 Short Blades
 + Level 0.7 Long Blades
 + Level 4.5 Axes
 + Level 0.7 Maces & Flails
 + Level 0.7 Polearms
 + Level 0.7 Staves
 + Level 0.7 Slings
 + Level 0.7 Bows
 + Level 0.7 Crossbows
 + Level 0.7 Throwing
 + Level 6.5 Armour
 + Level 0.7 Dodging
 + Level 0.7 Stealth
 + Level 6.5 Shields
 + Level 0.7 Unarmed Combat
 + Level 0.7 Spellcasting
 + Level 0.5 Conjurations
 + Level 0.5 Hexes
 + Level 0.5 Summonings
 + Level 0.5 Necromancy
 + Level 0.5 Translocations
 + Level 0.5 Transmutations
 + Level 0.5 Fire Magic
 + Level 0.5 Ice Magic
 + Level 0.5 Air Magic
 + Level 0.5 Earth Magic
 + Level 0.5 Poison Magic
 + Level 0.9 Invocations
 + Level 0.7 Evocations


You had 3 spell levels left.
You didn't know any spells.
Your spell library was empty.

Dungeon Overview and Level Annotations

Branches:
Dungeon (2/15)

Altars:


Innate Abilities, Weirdness & Mutations

You have very sharp teeth.
Your uncanny sense of smell can sniff out nearby items.
Your experience applies equally to all skills.


Message History

A ball python comes into view.
The ball python hisses angrily.
You completely miss the ball python. You block the ball python's attack.
The ball python barely misses you.
You hit the ball python.
You kill the ball python!
You now have 30 gold pieces (gained 15).
A bat comes into view.
The bat closely misses you. You block the bat's attack.
The bat hits you but does no damage.
You closely miss the bat. The bat closely misses you.
The bat hits you but does no damage. The bat hits you.
You block the bat's attack.
You closely miss the bat. You bite the bat.
The bat is heavily wounded.
You block the bat's attack. The bat hits you but does no damage. x2
You miss the bat.
The bat is heavily wounded.
The bat hits you but does no damage. x2
You slash the bat!
You kill the bat!
Magic restored.
You see here a bat corpse.
A rat and a goblin come into view.
The goblin is wielding a +1 dagger of electrocution.
Found a scroll labelled YSTEEC DYTANLAX.
The goblin shouts!
You closely miss the goblin. The goblin closely misses you.
The rat twitches its whiskers.
The goblin hits you with a +1 dagger of electrocution.
You are electrocuted!!
Ouch! That really hurt!
You closely miss the goblin. You bite the goblin.
The goblin is moderately wounded.
The goblin hits you but does no damage.
You closely miss the goblin. Your bite misses the goblin.
The goblin is moderately wounded.
The goblin hits you but does no damage. x2; You are electrocuted!!
Ouch! That really hurt!
You die...

#.######..... #.#
##.#..<#...# #.#
#..........# #.#
#....###..#### #.#
#......#...... #.#
#..†.#.#.####. #r#
#....#.#.#.##. #g#
##.#.#.#.#....
#@####.#...#.#.##.
#...†..#####.#.##.
#..............#.###
################.#
#.# #.# ... ...


You could see a goblin and a rat.

Vanquished Creatures
  2 dart slugs (D:1)
  3 ball pythons
  4 endoplasms (D:1)
  3 goblins (D:1)
  A hobgoblin (D:1)
  2 kobolds (D:1)
  3 quokkas (D:1)
  3 bats
  3 frilled lizards (D:1)
24 creatures vanquished.

Vanquished Creatures (others)
  A plant (D:1)
  5 toadstools (D:1)
6 creatures vanquished.

Grand Total: 30 creatures vanquished

Notes
Turn   | Place    | Note
-------+----------+-------------------------------------------
     0 | D:1      | Renzlar the Gnoll Fighter began the quest for the Orb.
     0 | D:1      | Reached XP level 1. HP: 23/23 MP: 1/1
   219 | D:1      | Reached XP level 2. HP: 27/29 MP: 2/2
   580 | D:1      | Reached XP level 3. HP: 35/35 MP: 3/3
   616 | D:1      | Found a faded altar of an unknown god.
  1112 | D:2      | Slain by a goblin

Illustrated notes

Levels and vault maps discovered:
D:1:      ldierk_walled_garden, layout_loops_ring,
          hellmonk_ecumenical_altar_leap_of_faith, roderic_lattice_a,
          solitary_fountain, serial_bayou_pond_a,
          hangedman_decor_clover_reticule, minmay_fountain_box
D:2:      layout_basic, basic_altar

Action                   || total
-------------------------++-------
Melee: War axe           ||    77
       Bite              ||     5
Throw: Stone             ||     1
Armor: Scale mail        ||    38
Dodge: Dodged            ||    16
Block: Kite shield       ||    47
